 Dungeon Sprint DCSS version 0.23.2-30-g0e89c35649 (webtiles) character file.

Game seed: 17884334543708862169

14000000 Aldia the Axe Maniac (level 27, -6/273 HPs)
             Began as a Ghoul Warper on June 14, 2019.
             Was the Champion of Makhleb.
             Killed from afar by a large bag of meat (8 damage)
             ... with an exploding inner flame
             ... in the Dungeon (Sprint VIII: "Arena of Blood").
             The game lasted 00:04:41 (140 turns).

Aldia the Axe Maniac (Ghoul Warper)                  Turns: 140, Time: 00:04:42

Health: -6/273     AC:  6    Str: 19    XL:     27
Magic:  52/53      EV: 32    Int:  8    God:    Makhleb [******]
Gold:   0          SH:  0    Dex: 17    Spells: 80/80 levels left

rFire    + . .     SeeInvis .   b - +∞ Axe of Woe
rCold    + . .     Gourm    .   (shield currently unavailable)
rNeg     + + +     Faith    .   a - +0 leather armour
rPois    ∞         Spirit   .   (no helmet)
rElec    .         Reflect  .   (no cloak)
rCorr    .         Harm     .   (no gloves)
MR       ++...     NoTele   +   (no boots)
Stlth    +++++++++.             (no amulet)
HPRegen  0.00/turn              k - ring of protection from fire
MPRegen  0.33/turn              (no ring)

@: rotting, slowed, very slow
A: rotting body, claws 1, carnivore, cold resistance 1, negative energy
resistance 3, inhibited regeneration, torment resistance, unbreathing
a: Minor Destruction, Lesser Servant of Makhleb, Major Destruction, Greater
Servant of Makhleb, Renounce Religion


You were in the Dungeon.
You worshipped Makhleb.
Makhleb was exalted by your worship.
You were not hungry.

You visited 1 branch

Inventory:

Hand Weapons
 b - the +∞ Axe of Woe (weapon)
   (You found it in the Dungeon)
Missiles
 d - 5 tomahawks of dispersal (quivered)
Armour
 a - a +0 leather armour (worn)
Jewellery
 k - a ring of protection from fire (left claw)
Scrolls
 c - 2 scrolls of blinking
Potions
 e - a potion of curing
 g - a potion of heal wounds
 h - a potion of haste
 i - 2 potions of magic
 j - a potion of berserk rage
Comestibles
 f - a ration


   Skills:
 O Level 27 Fighting
 O Level 27 Axes
 O Level 27 Throwing
 O Level 27 Armour
 O Level 27 Dodging
 O Level 27 Stealth
 O Level 27 Unarmed Combat
 O Level 27 Spellcasting
   Level 2.6 Translocations
 O Level 27 Invocations


You had 80 spell levels left.
You didn't know any spells.
Your spell library contained the following spells:

 Spells                   Type           Power        Failure   Level  Hunger
 Blink                    Tloc           N/A          1%          2    None
 Shroud of Golubria       Chrm/Tloc      ##........   2%          2    None
 Gell's Gravitas          Tloc           ###.......   3%          3    None
 Lesser Beckoning         Tloc           ###.......   3%          3    None
 Teleport Other           Tloc           ###.....     3%          3    None
 Passage of Golubria      Tloc           N/A          10%         4    ##.....


Dungeon Overview and Level Annotations

Branches:
Dungeon (1/1)

Altars:
Makhleb


Innate Abilities, Weirdness & Mutations

Your body is rotting away.
You thrive on raw meat.
You are immune to poison.
You have sharp fingernails.
You are carnivorous and can eat meat at any time.
Your flesh is cold resistant. (rC+)
You are immune to negative energy. (rN+++)
You do not regenerate when monsters are visible.
You are immune to unholy pain and torment.
You can survive without breathing.


Message History

Something smites you!
* * * LOW HITPOINT WARNING * * *
The accursed gestures at you while chanting.
Something smites you!
* * * LOW HITPOINT WARNING * * *
The accursed points at you and mumbles some strange words.
Something smites you!
* * * LOW HITPOINT WARNING * * *
You slash the fleshlord!
You pulverise the fleshlord into a thin bloody mist.
You kill the fleshlord!
Makhleb accepts your kill.
You slash the large bag of meat!
You butcher the large bag of meat messily.
The large bag of meat explodes!
The fiery explosion engulfs the dread!!
The fiery explosion engulfs the bag of meat!!
The fiery explosion engulfs the scourge!!
The fiery explosion engulfs you! You resist.
You die...

###.XX#X#)#...Oo.......
##X..#M#.....#........
#.XX.§°§M............
....##.○○§.Xo##.#......
#.....##)M).§X..Mzo.....
####......####§○.M#M....
####.......oWSx......
####..MMx§)o......
####..§@§..=...
############


You could see 6 accurseds, a scourge, a sculptor of flesh, 2 large abominations,
a dread, a small abomination, 4 bags of meat and a crawling corpse.

Vanquished Creatures
  7 hell knights (D)
  6 hell beasts (D)
  5 greater mummies (D)
  5 great orbs of eyes (D)
  9 wraiths (D)
  12 vampire knights (D)
  35 ogres (D)
  7 two-headed ogres (D)
  8 liches (D)
  3 hydras (D)
  99 orcs (D)
  8 phantoms (D)
  8 skeletal warriors (D)
  A sea snake (D)
  6 large abominations (D)
  11 small abominations (D)
  18 crawling corpses (D)
248 creatures vanquished.

Vanquished Creatures (others)
  6 crawling corpses (D)
6 creatures vanquished.

Grand Total: 254 creatures vanquished

Notes
Turn   | Place    | Note
-------+----------+-------------------------------------------
     0 | D        | Found the +∞ Axe of Woe
     0 | D        | Aldia the Ghoul Warper began the quest for the Orb.
     0 | D        | Reached XP level 1. HP: 17/17 MP: 2/2
     0 | D        | Noticed a meat berserker
     2 | D        | Noticed a bag of meat
     3 | D        | Killed a meat berserker
     3 | D        | Reached XP level 2. HP: 50/50 MP: 3/3
     3 | D        | Reached XP level 3. HP: 57/57 MP: 4/4
     3 | D        | Reached XP level 4. HP: 64/64 MP: 5/5
     3 | D        | Reached XP level 5. HP: 71/71 MP: 6/6
     3 | D        | Reached XP level 6. HP: 80/80 MP: 7/7
     3 | D        | Reached XP level 7. HP: 86/86 MP: 8/8
     3 | D        | Reached XP level 8. HP: 94/94 MP: 9/9
     3 | D        | Reached XP level 9. HP: 101/101 MP: 10/10
     3 | D        | Reached XP level 10. HP: 108/108 MP: 11/11
     3 | D        | Reached XP level 11. HP: 115/115 MP: 12/12
     3 | D        | Reached XP level 12. HP: 124/124 MP: 13/13
     3 | D        | Reached XP level 13. HP: 130/130 MP: 14/14
     3 | D        | Noticed a bag of meat
     3 | D        | Noticed a bag of meat
     5 | D        | Became a worshipper of Makhleb the Destroyer
     6 | D        | Noticed a meat berserker
     7 | D        | Noticed a bag of meat
     7 | D        | Noticed a bag of meat
     8 | D        | Noticed a meat berserker
     9 | D        | Noticed a bag of meat
    10 | D        | Noticed a bag of meat
    10 | D        | Noticed a bag of meat
    10 | D        | Noticed a meat berserker
    11 | D        | Killed a meat berserker
    11 | D        | Reached XP level 14. HP: 146/146 MP: 15/15
    11 | D        | Killed a bag of meat
    11 | D        | Reached * piety under Makhleb
    11 | D        | Reached XP level 15. HP: 155/155 MP: 16/16
    11 | D        | Noticed a meat berserker
    12 | D        | Reached XP level 16. HP: 167/167 MP: 17/17
    12 | D        | Noticed a meat berserker
    13 | D        | Noticed a meat berserker
    13 | D        | Noticed a meat berserker
    14 | D        | Killed a meat berserker
    14 | D        | Reached ** piety under Makhleb
    14 | D        | Killed a meat berserker
    14 | D        | Reached skill level 27 in Axes
    14 | D        | Reached XP level 17. HP: 184/184 MP: 18/18
    14 | D        | Noticed a meat berserker
    15 | D        | Killed a meat berserker
    15 | D        | Reached XP level 18. HP: 199/199 MP: 19/19
    15 | D        | Reached *** piety under Makhleb
    15 | D        | Reached skill level 27 in Fighting
    17 | D        | Killed a meat berserker
    17 | D        | Reached skill level 27 in Armour
    17 | D        | Reached skill level 27 in Dodging
    17 | D        | Reached XP level 19. HP: 207/207 MP: 19/28
    17 | D        | Reached **** piety under Makhleb
    17 | D        | Noticed a destroyer
    18 | D        | Noticed a meat berserker
    19 | D        | Noticed a large bag of meat
    19 | D        | Reached skill level 27 in Invocations
    19 | D        | Killed a meat berserker
    19 | D        | Reached ***** piety under Makhleb
    19 | D        | Reached XP level 20. HP: 216/216 MP: 19/42
    20 | D        | Killed a meat berserker
    20 | D        | Killed a meat berserker
    20 | D        | Reached skill level 27 in Spellcasting
    20 | D        | Reached skill level 5 in Stealth
    20 | D        | Reached skill level 5 in Unarmed Combat
    20 | D        | Reached XP level 21. HP: 224/224 MP: 19/51
    21 | D        | Noticed a destroyer
    21 | D        | Noticed a meat berserker
    22 | D        | Reached skill level 15 in Throwing
    22 | D        | Noticed a meat berserker
    23 | D        | Reached XP level 22. HP: 233/233 MP: 20/52
    24 | D        | Reached ****** piety under Makhleb
    24 | D        | Reached skill level 27 in Stealth
    24 | D        | Reached skill level 27 in Unarmed Combat
    24 | D        | Reached XP level 23. HP: 240/240 MP: 20/53
    26 | D        | Noticed a destroyer
    26 | D        | Reached skill level 27 in Throwing
    26 | D        | Reached XP level 24. HP: 249/249 MP: 21/53
    27 | D        | Killed a destroyer
    28 | D        | Killed a large bag of meat
    28 | D        | Reached XP level 25. HP: 257/257 MP: 21/53
    28 | D        | Noticed a large bag of meat
    29 | D        | Reached XP level 26. HP: 266/266 MP: 21/53
    29 | D        | Noticed a destroyer
    29 | D        | Noticed a destroyer
    31 | D        | Killed a destroyer
    31 | D        | Reached XP level 27. HP: 273/273 MP: 22/53
    33 | D        | Killed a destroyer
    34 | D        | Killed a destroyer
    34 | D        | Killed a destroyer
    36 | D        | Killed a large bag of meat
    36 | D        | Noticed a large bag of meat
    39 | D        | Noticed a destroyer
    39 | D        | Noticed a large bag of meat
    42 | D        | Noticed a destroyer
    43 | D        | Noticed a destroyer
    44 | D        | Killed a destroyer
    45 | D        | Noticed an accursed
    45 | D        | Noticed a destroyer
    47 | D        | Noticed an accursed
    49 | D        | Noticed a tyrant
    49 | D        | Noticed a tyrant
    51 | D        | Noticed an accursed
    51 | D        | Killed a large bag of meat
    51 | D        | Noticed a destroyer
    52 | D        | Killed a destroyer
    52 | D        | Killed a destroyer
    54 | D        | Killed an accursed
    54 | D        | Killed a tyrant
    54 | D        | Killed a large bag of meat
    55 | D        | Noticed a tyrant
    56 | D        | Killed a tyrant
    56 | D        | Noticed an accursed
    57 | D        | Killed a destroyer
    57 | D        | Noticed an accursed
    60 | D        | Noticed a dread
    63 | D        | Noticed a tyrant
    64 | D        | Noticed a meat beast
    65 | D        | Killed an accursed
    65 | D        | Killed a destroyer
    66 | D        | Killed a tyrant
    67 | D        | Noticed a destroyer
    74 | D        | Noticed a dread
    78 | D        | Noticed a dread
    78 | D        | Noticed a destroyer
    79 | D        | Noticed a meat beast
    79 | D        | Noticed a tyrant
    80 | D        | Noticed a dread
    81 | D        | Killed a dread
    81 | D        | Killed a dread
    82 | D        | Killed a destroyer
    82 | D        | Noticed a meat beast
    83 | D        | Killed a meat beast
    84 | D        | Killed a dread
    84 | D        | Killed an accursed
    85 | D        | Noticed a dread
    86 | D        | Killed a tyrant
    88 | D        | Killed a meat beast
    88 | D        | Killed an accursed
    89 | D        | Killed a dread
    93 | D        | Noticed an accursed
    96 | D        | Noticed an accursed
    97 | D        | Noticed a tyrant
    97 | D        | Noticed a meat beast
    97 | D        | Noticed an accursed
    99 | D        | Killed a destroyer
   100 | D        | Killed a meat beast
   102 | D        | Killed a tyrant
   104 | D        | Noticed a large bag of meat
   104 | D        | Noticed a tyrant
   104 | D        | Noticed a meat beast
   104 | D        | Noticed an accursed
   105 | D        | Noticed a large bag of meat
   106 | D        | Noticed a dread
   108 | D        | Noticed a dread
   109 | D        | Noticed a large bag of meat
   109 | D        | Noticed a tyrant
   110 | D        | Killed a large bag of meat
   110 | D        | Killed a dread
   110 | D        | Noticed a meat beast
   110 | D        | Noticed an accursed
   112 | D        | Noticed an accursed
   113 | D        | Noticed a dread
   114 | D        | Noticed a large bag of meat
   115 | D        | Killed a dread
   115 | D        | Killed a tyrant
   115 | D        | Killed a meat beast
   116 | D        | Killed a dread
   122 | D        | Killed a meat beast
   124 | D        | Noticed an accursed
   125 | D        | Noticed a fleshlord
   126 | D        | Noticed a fleshlord
   126 | D        | Killed a tyrant
   127 | D        | Noticed a fleshlord
   127 | D        | Noticed a meat beast
   127 | D        | Noticed a dread
   127 | D        | Noticed an accursed
   128 | D        | Killed a fleshlord
   129 | D        | Killed a large bag of meat
   129 | D        | Noticed a fleshlord
   130 | D        | Noticed a fleshlord
   131 | D        | Killed a fleshlord
   131 | D        | Killed a tyrant
   131 | D        | Killed a meat beast
   131 | D        | Noticed a dread
   132 | D        | Noticed a fleshlord
   133 | D        | Noticed a fleshlord
   133 | D        | Killed a large bag of meat
   135 | D        | Killed a fleshlord
   135 | D        | Killed a dread
   135 | D        | Killed a fleshlord
   137 | D        | Killed a dread
   138 | D        | Killed a fleshlord
   138 | D        | Killed a fleshlord
   139 | D        | Killed an accursed
   139 | D        | HP: 2/273 [accursed/divine providence (12)]
   140 | D        | Killed a fleshlord
   140 | D        | Killed a large bag of meat
   140 | D        | Killed from afar by a large bag of meat

Skill      XL: |  1  2  3  4  5  6  7  8  9 10 11 12 13 14 15 16 17 18 19 20 21 22 23 |
---------------+----------------------------------------------------------------------+-----
Fighting       | 16 19 20 21 24 26 27 | 27.0
Axes           | 18 21 22 24 27 | 27.0
Armour         | 14 16 17 18 21 23 27 | 27.0
Dodging        | 14 16 17 18 21 23 27 | 27.0
Invocations    | 13 27 | 27.0
Spellcasting   | 19 27 | 27.0
Throwing       | 4 17 24 27 | 27.0
Stealth        | 5 21 27 | 27.0
Unarmed Combat | 5 19 27 | 27.0
Translocations | |  2.6

Action                   |  1- 3 |  4- 6 |  7- 9 | 10-12 | 13-15 | 16-18 | 19-21 | 22-24 | 25-27 || total
-------------------------+-------+-------+-------+-------+-------+-------+-------+-------+-------++-------
Melee: Executioner's axe |     1 |       |       |       |     2 |     3 |     4 |     5 |    74 ||    89
Armor: Leather armour    |       |       |       |       |       |       |       |       |     6 ||     6
Dodge: Dodged            |     1 |       |       |       |       |       |     1 |       |    11 ||    13
